Map: Frost LE

Players

Nickos

  • Race: Terran Terran
  • League: Gold

MattNZ - Winner!

  • Race: Terran Terran
  • League: Gold

VOD

Have the link to the VOD?

Description

Time

  • Played on: Sept. 19, 2016, 7:13 a.m.
  • Length: 20:49
Show
View Real Time Build Order
Export as new Build Order

Nickos Terran 

Build Orders: Reaper Expand 

Get SALT Encoding   

  12  0:01  SCV  
  13  0:13  SCV  
  14  0:17  Supply Depot  
  14  0:25  SCV  
  15  0:39  SCV  
  15  0:41  Barracks  
  16  0:45  Refinery  
  16  0:51  SCV  
  17  1:03  SCV  
  18  1:15  SCV  
  19  1:28  Reaper  
  19  1:29  Orbital Command  
  20  1:47  Command Center  
  20  2:00  Supply Depot  
  20  2:11  SCV  
  21  2:23  SCV  
  21  2:26  Barracks  
  21  2:27  Barracks  
  22  2:30  Marine  
  22  2:35  SCV  
  24  2:47  SCV  
  24  2:48  Supply Depot  
  25  2:59  SCV  
  25  3:01  Barracks Reactor  
  26  3:12  SCV  
  26  3:17  Refinery, Barracks Reactor  
  25  3:20  Barracks Reactor  
  25  3:28  Bunker  
  25  3:38  Marine x2  
  26  3:56  Marine x2  
  28  4:03  Marine x3  
  25  4:17  Marine  
  25  4:39  Marine x2  
  18  4:56  Marine  
  18  4:57  Marine  
  16  5:05  SCV  
  16  5:11  Barracks Tech Lab  
  16  5:13  Orbital Command  
  16  5:14  Marine x2  
  16  5:18  Bunker, Barracks Reactor  
  18  5:32  Marine x2  
  20  5:40  SCV  
  21  5:52  SCV  
  21  5:55  Orbital Command  
  21  6:17  Bunker, Marine x2  
  22  6:18  Marine  
  19  6:37  SCV x2  
  19  6:38  Marine x4  
  25  6:43  Marauder  
  27  6:49  SCV x2  
  29  6:56  Marine  
  29  7:00  Supply Depot  
  31  7:08  SCV x2  
  31  7:09  Marine  
  33  7:18  Marine, Stimpack  
  33  7:19  Marine  
  33  7:20  SCV  
  36  7:24  SCV  
  36  7:30  Supply Depot  
  36  7:32  Marine  
  36  7:36  SCV  
  38  7:38  SCV  
  39  7:45  Marine x2  
  39  7:46  Marine  
  39  7:47  Marine  
  39  7:48  SCV  
  44  7:52  Marine  
  44  7:55  SCV  
  46  8:00  Supply Depot, SCV  
  46  8:02  Marine  
  46  8:03  Marine  
  49  8:07  SCV  
  49  8:11  Marine  
  49  8:12  SCV  
  52  8:15  Marine  
  52  8:16  Marine  
  54  8:22  SCV  
  54  8:24  SCV  
  56  8:27  Supply Depot  
  56  8:28  Marine x2  
  56  8:29  Marine  
  56  8:33  Marine  
  60  8:34  SCV  
  60  8:35  Marine  
  60  8:37  Factory  
  62  8:48  Marine  
  62  8:49  SCV x2  
  62  8:51  Marine  
  62  8:52  Marine  
  67  8:58  Marine  
  67  8:59  Marauder  
  70  9:10  Supply Depot  
  70  9:13  Supply Depot  
  70  9:16  Supply Depot  
  70  9:18  Combat Shields  
  70  9:20  Factory Reactor  
  70  9:25  Starport  
  70  9:31  SCV x2, Marine x2  
  70  9:32  Marine  
  70  9:33  Marine  
  76  9:44  Marine  
  77  9:48  Supply Depot  
  77  9:53  Supply Depot  
  77  9:55  Command Center  
  77  9:56  SCV  
  77  9:57  SCV  
  77  9:58  Liberator  
  77  9:59  Liberator  
  79  10:01  Marine  
  79  10:02  Marine x3  
  79  10:06  Marine  
  84  10:19  Marine x2  
  92  10:21  Supply Depot  
  92  10:24  Supply Depot  
  92  10:32  SCV x2  
  92  10:34  Marine x3  
  97  10:37  Marine  
  98  10:44  Supply Depot  
  98  10:46  Supply Depot, Marine  
  100  10:50  SCV  
  100  10:52  Marine  
  101  10:58  Medivac  
  101  10:59  Marine  
  101  11:00  Marine  
  105  11:07  SCV x2  
  105  11:10  Orbital Command  
  107  11:11  Marine x2  
  107  11:12  Marine  
  110  11:19  Engineering Bay  
  110  11:20  Supply Depot  
  110  11:24  SCV x2  
  110  11:25  Engineering Bay  
  112  11:36  SCV  
  113  11:42  Marine x4  
  113  11:43  Medivac x2  
  121  11:52  Marine  
  122  12:00  Marine x2  
  124  12:06  SCV  
  124  12:07  SCV x2  
  127  12:13  Medivac x2  
  127  12:14  Terran Infantry Weapons Level 1  
  131  12:18  SCV, Marine x2, Marauder  
  131  12:19  Marine x2  
  131  12:21  Supply Depot  
  138  12:23  Supply Depot  
  138  12:26  SCV x2  
  138  12:27  Barracks  
  140  12:30  SCV  
  140  12:36  Marine x2  
  140  12:37  Marine  
  143  12:39  Marauder  
  143  12:40  SCV  
  143  12:41  SCV  
  143  12:42  Terran Infantry Armor Level 1  
  143  12:43  Medivac, SCV  
  151  12:47  Supply Depot x2  
  151  12:51  Barracks  
  151  13:01  Marine x4  
  151  13:02  Marine  
  156  13:08  Command Center  
  156  13:19  Marine  
  156  13:20  Marine x4  
  156  13:21  Medivac  
  156  13:23  Barracks Tech Lab  
  156  13:25  SCV x3  
  166  13:30  Refinery  
  166  13:32  Refinery  
  166  13:37  Marine x2, SCV x3  
  172  13:46  Marauder x2  
  175  13:48  Barracks Tech Lab  
  175  13:49  SCV x2  
  175  13:54  Barracks  
  177  14:05  Marine x3  
  177  14:06  Marine x2  
  177  14:07  Marauder x2  
  186  14:23  Marine x3  
  153  14:40  Marine x4  
  153  14:41  Marine x2  
  158  14:52  Marine  
  117  14:55  Medivac x2  
  117  14:57  Marine  
  117  14:58  Marine x4  
  114  15:14  Marine x2  
  114  15:15  Marine  
  114  15:16  Marine, Marauder x3  
  124  15:25  Medivac  
  126  15:31  Marine, SCV  
  126  15:32  Marine, SCV x2  
  126  15:33  Orbital Command, Marine  
  126  15:34  Marine  
  133  15:37  Medivac, Marauder, Marine  
  133  15:38  Marauder  
  140  15:46  Barracks Reactor  
  140  15:49  Marine  
  141  15:54  Barracks  
  141  15:55  Medivac  
  141  15:56  Barracks x2  
  143  15:58  Barracks  
  143  16:00  Marine x2, Marauder x3  
  143  16:01  Marine  
  152  16:05  SCV  
  152  16:07  Marine  
  154  16:13  Concussive Shells  
  154  16:18  Marine x3  
  153  16:21  Marauder, Marine x2  
  153  16:23  Marine x2  
  153  16:25  Marine  
  163  16:36  Marine x3  
  163  16:39  Marauder x2  
  167  16:41  Marine x2  
  167  16:42  Marauder  
  167  16:43  Marine  
  168  16:48  Marine  
  168  16:49  Barracks Reactor  
  168  16:50  Barracks Reactor  
  167  16:59  Marine x3  
  167  17:00  Marauder, Marine x4  
  167  17:01  Marine  
  165  17:03  Marine  
  165  17:06  Marine  
  167  17:10  Armory  
  167  17:11  Refinery  
  167  17:12  Refinery  
  167  17:14  Missile Turret  
  167  17:15  Missile Turret  
  167  17:17  Marine x4  
  167  17:18  Marine x4  
  167  17:19  Viking x2, Missile Turret  
  167  17:22  Missile Turret  
  176  17:34  Marine  
  176  17:35  Marine x5  
  176  17:36  Marine x3  
  185  17:42  Marine x2  
  185  17:43  Marine  
  188  17:45  Marauder x2  
  188  17:46  Marauder  
  194  17:57  Marine  
  194  17:58  Marine x5  
  192  17:59  Marine x2  
  192  18:00  Marine x3  
  181  18:24  Marine x2  
  181  18:25  Marine  
  135  19:21  Missile Turret  
  132  19:25  Missile Turret  
  132  19:31  Missile Turret  
  130  19:33  Missile Turret x2  
  130  19:34  Missile Turret  
  130  19:35  Missile Turret x2  
  130  19:36  Missile Turret  
  129  19:47  Orbital Command  
  118  20:16  Missile Turret  
  118  20:19  Supply Depot  
  118  20:20  Supply Depot  
  118  20:21  Supply Depot  
  118  20:23  Missile Turret, Supply Depot x2  
  118  20:24  Supply Depot  
  118  20:27  Supply Depot  
Show
View Real Time Build Order
Export as new Build Order

MattNZ Terran - Winner!

Build Orders:  

Get SALT Encoding   

  12  0:01  SCV  
  13  0:13  SCV  
  14  0:21  Supply Depot  
  14  0:25  SCV  
  15  0:34  Supply Depot  
  15  0:45  Barracks  
  15  0:50  SCV  
  16  1:02  Barracks  
  16  1:04  SCV  
  17  1:19  Barracks  
  17  1:20  SCV  
  18  1:32  SCV, Marine  
  20  1:38  Supply Depot  
  20  1:50  Marine  
  20  1:51  Marine  
  22  1:59  SCV  
  23  2:07  Supply Depot  
  23  2:08  Marine x2  
  23  2:09  Marine  
  26  2:21  SCV  
  27  2:26  Marine x2  
  27  2:27  Refinery, Marine  
  30  2:39  SCV  
  31  2:44  Marine x2  
  31  2:45  Marine  
  31  2:46  Refinery  
  31  2:49  Supply Depot  
  34  2:52  SCV  
  35  3:02  Marine  
  35  3:11  Marine  
  35  3:12  Marine  
  37  3:19  Marine  
  38  3:28  SCV  
  38  3:29  Marine x2  
  41  3:37  Marine  
  41  3:40  SCV  
  43  3:47  Marine  
  44  3:52  SCV, Marine  
  44  3:55  Marine  
  47  4:05  Marine, SCV  
  49  4:10  Marine  
  49  4:13  Marine  
  49  4:17  SCV  
  52  4:23  Marine  
  53  4:28  Marine  
  53  4:29  SCV  
  55  4:46  SCV  
  52  4:58  SCV  
  51  5:01  Marine x2  
  51  5:02  Marine  
  51  5:06  Command Center  
  51  5:10  SCV  
  52  5:19  Command Center, Marine  
  53  5:28  Marine  
  53  5:29  Marine  
  53  5:30  Bunker  
  55  5:38  Factory  
  55  5:45  Supply Depot  
  55  5:53  Marine  
  53  6:09  Supply Depot  
  53  6:23  Marine x3  
  55  6:32  SCV  
  51  6:35  SCV  
  52  6:41  Refinery, Marine x3  
  52  6:43  SCV  
  52  6:44  SCV  
  57  6:47  Factory Tech Lab, SCV  
  58  6:55  SCV  
  58  6:57  SCV  
  58  6:58  Marine  
  58  6:59  SCV, Marine  
  63  7:05  Engineering Bay  
  63  7:08  Siege Tank  
  66  7:09  SCV  
  66  7:11  SCV  
  66  7:14  Bunker  
  68  7:18  Refinery  
  68  7:21  SCV  
  69  7:23  SCV x2  
  71  7:33  SCV  
  71  7:35  SCV x2  
  74  7:40  Siege Tank  
  77  7:45  SCV  
  77  7:47  SCV  
  77  7:48  Missile Turret  
  79  7:52  Marine x3  
  79  7:54  Orbital Command  
  79  7:58  Orbital Command  
  82  7:59  SCV  
  83  8:09  Marine  
  83  8:11  SCV  
  85  8:13  Missile Turret  
  85  8:16  Missile Turret  
  85  8:18  Hi-Sec Auto Tracking  
  85  8:22  Barracks Tech Lab  
  85  8:23  Barracks Reactor, SCV  
  86  8:27  Marine  
  86  8:34  Missile Turret  
  87  8:35  SCV  
  87  8:37  Missile Turret  
  87  8:39  SCV  
  89  8:45  Refinery, Marine  
  89  8:48  Refinery, SCV  
  91  8:54  Missile Turret  
  91  8:58  Missile Turret  
  91  8:59  Missile Turret  
  91  9:00  Command Center, SCV  
  92  9:11  Combat Shields  
  92  9:12  Marine x3, SCV  
  92  9:15  Terran Infantry Weapons Level 1  
  92  9:16  Missile Turret  
  96  9:22  Missile Turret  
  96  9:24  SCV  
  96  9:29  Starport  
  97  9:40  Supply Depot  
  97  9:42  Missile Turret  
  97  9:52  Siege Tank  
  100  10:03  Missile Turret, Supply Depot  
  100  10:06  Starport  
  100  10:10  Medivac  
  100  10:12  Planetary Fortress  
  102  10:15  SCV  
  102  10:18  Command Center  
  103  10:25  Supply Depot  
  103  10:27  SCV  
  104  10:31  Stimpack  
  104  10:39  SCV  
  105  10:51  SCV  
  106  10:58  Starport, Missile Turret  
  106  11:01  Starport Tech Lab x2  
  106  11:03  SCV  
  107  11:10  Terran Infantry Armor Level 1  
  107  11:12  Supply Depot  
  107  11:15  SCV  
  108  11:18  Missile Turret  
  108  11:20  Cloaking Field  
  108  11:22  Banshee  
  108  11:23  Banshee  
  114  11:27  SCV  
  114  11:32  Refinery x2  
  115  11:33  SCV  
  115  11:35  Supply Depot  
  115  11:37  Starport  
  115  11:39  SCV  
  117  11:40  Refinery, Missile Turret  
  117  11:45  SCV  
  115  11:51  SCV  
  111  11:58  Supply Depot, SCV  
  112  12:02  Missile Turret  
  112  12:03  SCV  
  112  12:05  Banshee  
  112  12:06  Banshee  
  119  12:08  Starport Tech Lab  
  119  12:10  SCV  
  119  12:12  SCV  
  121  12:16  SCV  
  121  12:20  Supply Depot  
  121  12:22  SCV  
  123  12:23  Missile Turret  
  123  12:24  SCV  
  123  12:25  Refinery  
  123  12:28  SCV  
  125  12:34  SCV  
  125  12:35  Missile Turret  
  125  12:37  SCV  
  127  12:44  Supply Depot  
  127  12:46  SCV  
  127  12:47  Banshee  
  127  12:49  Banshee, Starport Tech Lab, SCV  
  135  12:52  Starport  
  135  12:57  Missile Turret  
  135  12:58  SCV  
  136  13:01  SCV  
  136  13:04  Building Armor  
  137  13:06  Planetary Fortress  
  137  13:07  Supply Depot  
  137  13:10  SCV  
  138  13:17  Missile Turret  
  138  13:22  Sensor Tower  
  138  13:25  Banshee x2  
  144  13:30  Starport, Banshee  
  144  13:31  Supply Depot  
  144  13:32  Banshee  
  150  13:35  Fusion Core  
  150  13:38  Missile Turret  
  150  13:45  Armory, Missile Turret  
  150  13:54  Supply Depot  
  150  13:58  Missile Turret  
  150  14:00  Starport Tech Lab  
  150  14:08  Banshee, Missile Turret  
  156  14:13  Banshee  
  156  14:15  Banshee  
  161  14:18  Missile Turret  
  150  14:29  Marine x4  
  140  14:42  Missile Turret  
  140  14:43  Neosteel Frame  
  137  14:47  Marine  
  128  15:04  Missile Turret  
  128  15:07  Terran Ship Weapons Level 1  
  128  15:15  Banshee x2, Starport Tech Lab  
  128  15:16  Banshee x2  
  128  15:17  Missile Turret  
  140  15:23  Starport  
  140  15:25  Missile Turret  
  140  15:27  Armory  
  140  15:33  Hyperflight Rotors  
  140  15:35  High Capacity Fuel Tanks  
  140  15:39  Medivac  
  142  15:43  Marine x2  
  142  15:44  Marine  
  142  15:46  Missile Turret  
  142  15:48  Planetary Fortress  
  145  15:50  SCV  
  145  15:54  Missile Turret  
  146  15:58  Medivac, Banshee x2  
  146  16:02  SCV  
  155  16:06  Missile Turret  
  155  16:14  SCV  
  155  16:16  Marine x2  
  155  16:17  Marine x2  
  160  16:26  Refinery, SCV  
  160  16:30  Banshee x2  
  160  16:31  Banshee x2  
  173  16:34  Marine x2  
  173  16:38  Command Center, SCV  
  176  16:41  Banshee x2  
  176  16:43  Terran Infantry Weapons Level 2  
  182  16:50  Refinery  
  182  17:02  Terran Vehicle And Ship Armor Level 1  
  182  17:08  Missile Turret  
  182  17:13  Banshee  
  168  18:29  Planetary Fortress  
  157  18:37  Banshee x3  
  166  18:48  Command Center  
  155  19:11  Marine  
  155  19:12  Marine  
  155  19:14  Siege Tank  
  160  19:46  Siege Tank  
  163  20:14  Command Center  
Tags
 
League
GoldGold
Matchup
TvT
Race
Terran
Replay Pack
Nickos replay
Add a new tag
Caveats
  • Supply blocks, unpowered buildings, or Contaminate may cause inaccurate times.
  • Supply counts are checked every 10 seconds.